 Dungeon Crawl Stone Soup version 0.22-a0-305-gd21a89c (webtiles) character file.

4583 Amnesiac the Destroyer (level 10, 0/63 HPs)
             Began as a Mummy Conjurer on Mar 31, 2018.
             Was a Follower of Dithmenos.
             Slain by a manticore (6 damage)
             ... on level 8 of the Dungeon.
             The game lasted 00:18:15 (13051 turns).

Amnesiac the Destroyer (Mummy Conjurer)            Turns: 13051, Time: 00:18:16

Health: 0/63       AC:  8    Str: 11    XL:     10   Next: 18%
Magic:  1/24       EV: 15    Int: 17    God:    Dithmenos [*.....]
Gold:   168        SH:  0    Dex: 14    Spells: 17/30 levels left

rFire    x . .     SeeInvis +   a - +2 flail (crush)
rCold    + . .     Gourm    .   (no shield)
rNeg     + + +     Faith    .   r - +2 robe {MR+}
rPois    ∞         Spirit   .   v - +1 helmet {SInv}
rElec    .         Reflect  .   d - +0 cloak
rCorr    .         Harm     .   (no gloves)
MR       ++...                  f - +0 pair of boots
Stlth    ++........             (no amulet)
HPRegen  0.20/turn              q - ring of wizardry
MPRegen  0.19/turn              j - +3 ring of evasion

@: barbed spikes, wreathed by umbra
A: no food or potions, fire vulnerability, cold resistance 1, negative energy
resistance 3, torment resistance, unbreathing
a: Renounce Religion


You were on level 8 of the Dungeon.
You worshipped Dithmenos.
Dithmenos was aware of your devotion.
You were not hungry.

You visited 2 branches of the dungeon, and saw 10 of its levels.

You collected 372 gold pieces.
You spent 204 gold pieces at shops.

Inventory:

Hand Weapons
 a - a +2 flail of crushing (weapon)
 i - a +0 spear
Armour
 d - a +0 cloak (worn)
 f - a +0 pair of boots (worn)
 r - a +2 robe of magic resistance (worn)
 v - a +1 helmet of see invisible (worn)
Jewellery
 g - an uncursed ring of resist corrosion {unknown}
 j - a +3 ring of evasion (right hand)
 m - an uncursed ring of teleportation
 q - a ring of wizardry (left hand)
Wands
 k - a wand of iceblast (25)
 l - a wand of random effects (46)
 n - a wand of enslavement (16)
 p - a wand of acid (7)
 u - a wand of paralysis (11)
Scrolls
 b - 3 scrolls of remove curse {!r}
 c - 3 scrolls of identify {!r}
 e - 2 scrolls of fog {!r}
 o - 2 scrolls of amnesia {!r}
 s - a scroll of vulnerability {!r}


   Skills:
 - Level 1.5 Dodging
 - Level 1.5 Stealth
 + Level 10.7 Spellcasting
 * Level 10.7 Conjurations


You had 17 spell levels left.
You knew the following spells:

 Your Spells              Type           Power        Failure   Level  Hunger
a - Iskenderun's Mystic   Conj           #####...     1%          4    N/A
b - Searing Ray           Conj           #####.       1%          2    N/A
c - Passwall              Tmut/Erth      #.........   4%          2    N/A
d - Magic Dart            Conj           ####         1%          1    N/A
e - Force Lance           Conj/Tloc      ####....     3%          4    N/A

Dungeon Overview and Level Annotations

Branches:
Dungeon (9/15)             Temple (1/1) D:6
   Lair: D:8-11         Orc: D:9-12

Altars:
Ashenzari
Cheibriados
Dithmenos
Elyvilon
Gozag
Hepliaklqana
Kikubaaqudgha
Makhleb
Nemelex Xobeh
Okawaru
Qazlal
Ru
Sif Muna
Trog
Uskayaw
Vehumet
Wu Jian
Xom
Yredelemnul
Zin
The Shining One

Shops:
D:6 [

Annotations:
D:7 xccam's ghost, novice FoFi


Innate Abilities, Weirdness & Mutations

You do not eat or drink.
Your flesh is vulnerable to fire.
You are immune to poison.
Your flesh is cold resistant. (rC+)
You are immune to negative energy. (rN+++)
You are immune to unholy pain and torment.
You can survive without breathing.


Message History

Confirm with . or Enter, or press ? or * to list all spells.
Aiming: Iskenderun's Mystic Blast (safe; 1% risk of failure)
Press: ? - help, Shift-Dir - straight line, f/p - eye of draining
Aim: an eye of draining (almost dead, umbra)
The orb of energy hits the eye of draining.
You kill the eye of draining!
Dithmenos accepts your kill.
The orb of energy explodes!
The mystic blast hits the manticore.
The manticore is heavily wounded.
The manticore flicks its tail.
The volley of spikes hits you!
The barbed spikes become lodged in your body.
Casting: Iskenderun's Mystic Blast (safe; 1% risk of failure)
Confirm with . or Enter, or press ? or * to list all spells.
Aiming: Iskenderun's Mystic Blast (safe; 1% risk of failure)
Press: ? - help, Shift-Dir - straight line, f - manticore
Aim: a manticore (heavily wounded)
The orb of energy misses the manticore.
The manticore flicks its tail.
The volley of spikes misses you.
Casting: Iskenderun's Mystic Blast (safe; 1% risk of failure)
Confirm with . or Enter, or press ? or * to list all spells.
Aiming: Iskenderun's Mystic Blast (safe; 1% risk of failure)
Press: ? - help, Shift-Dir - straight line, f/p - manticore
Aim: a manticore (heavily wounded)
The orb of energy hits the manticore.
The manticore is almost dead.
The manticore flicks its tail.
The volley of spikes hits you!
The barbed spikes become lodged in your body.
The barbs in your skin will harm you if you move.
Continue?
Okay, then.
Okay, then.
You can't drink.
Unknown command.
The manticore flicks its tail.
The volley of spikes hits you!
The barbed spikes become lodged in your body.
* * * LOW HITPOINT WARNING * * *
A gargoyle comes into view. It is wielding a mace.
The manticore flicks its tail.
The volley of spikes hits you!
The barbed spikes become lodged in your body.
* * * LOW HITPOINT WARNING * * *
The gargoyle moves out of view.
The manticore flicks its tail.
The volley of spikes hits you!
The barbed spikes become lodged in your body.
* * * LOW HITPOINT WARNING * * *
An orc warrior comes into view. It is wielding a glaive.
You barely miss the manticore.
The manticore is almost dead.
The manticore bites you!
* * * LOW HITPOINT WARNING * * *
The manticore claws you!
* * * LOW HITPOINT WARNING * * *
The manticore barely misses you. x3
The manticore claws you but does no damage.
The orc warrior shouts!
You hit the manticore.
The manticore is almost dead.
The orc warrior throws a tomahawk.
The tomahawk closely misses you. The manticore bites you.
You die...

###* *,*,,.....#.#..#,.##.#*
..,****,*,,..#**######,##...*****
>#,,,,,,,,,,,**,,**,**,,,...,,,,,
.######.,,,,,*,**,,#,****...*,***
.......p,,,,,*,***.#,* *****,* *
.######*******##*#9,** ***,* * .#
**.#a**,* *,,,* * .# *,#H#**,*
*,*** * .# *##@####* ****,*****
.# #######.....#***,,,,,,,** .#
#.........#.#,**,,,,,,,** .###
#.#########,..**,,,,,,,** ...#
#.# ***..o,,,,,,,,,
##.######.######## **##,,,,,,,**
#.##............# *,,,,,,,*
##.##.###.######.# *,,,,,,,*
...##.# #.# *,* ****,****


You could see a manticore, an orc warrior, a gargoyle and a worker ant.

Vanquished Creatures
  2 two-headed ogres (D:8)
  Prince Ribbit (D:6)
  The ghost of xccam the Chopper, an amateur FoFi (D:3)
  A spriggan (D:7)
  The ghost of Nuz the Poker, an amateur MfSk (D:4)
  A black bear (D:6)
  An orc warrior (D:7)
  An eye of draining (D:8)
  2 phantoms
  A slave (D:7)
  A sky beast (D:7)
  3 ogres (D:6)
  A centaur (D:7)
  A crocodile (D:9)
  A big kobold (D:7)
  3 bullfrogs (D:7)
  A wyvern skeleton (D:4)
  A scorpion (D:3)
  2 howler monkeys
  A crimson imp (D:8)
  A quasit (D:9)
  2 bullfrog zombies
  3 orc wizards
  3 bullfrog skeletons
  5 orc priests
  A centaur skeleton (D:4)
  6 hounds
  2 jellies (D:5)
  2 iguanas
  Natasha (thrice) (D:3)
  2 worker ants
  A hound zombie (D:6)
  9 adders
  A howler monkey skeleton (D:7)
  3 shadow imps
  An ooze (D:5)
  An adder skeleton (D:6)
  2 worms
  2 dart slugs (D:3)
  7 leopard geckos
  34 orcs
  7 bats
  9 giant cockroaches
  8 hobgoblins
  8 jackals
  11 kobolds
  4 quokkas
  6 frilled lizards
  A giant cockroach zombie (D:4)
  4 goblins
  A quokka skeleton (D:3)
  4 rats
181 creatures vanquished.

Vanquished Creatures (collateral kills)
  2 bullfrogs (D:8)
  A scorpion (D:8)
  An orc (D:8)
4 creatures vanquished.

Grand Total: 185 creatures vanquished

Notes
Turn   | Place    | Note
-------+----------+-------------------------------------------
     0 | D:1      | Amnesiac the Mummy Conjurer began the quest for the Orb.
     0 | D:1      | Reached XP level 1. HP: 13/13 MP: 4/4
   521 | D:1      | Reached XP level 2. HP: 18/19 MP: 0/6
   578 | D:1      | Learned a level 2 spell: Searing Ray
  1614 | D:2      | Reached XP level 3. HP: 24/24 MP: 6/8
  2844 | D:3      | Noticed a phantom
  3557 | D:2      | Killed a phantom
  3557 | D:2      | Reached XP level 4. HP: 16/30 MP: 0/10
  3557 | D:2      | Reached XP level 5. HP: 19/35 MP: 0/11
  3705 | D:3      | Learned a level 4 spell: Iskenderun's Mystic Blast
  3835 | D:3      | Found a faded altar of an unknown god.
  4075 | D:3      | Noticed xccam's ghost (amateur FoFi)
  4245 | D:3      | Noticed Natasha
  4249 | D:3      | Killed Natasha
  4249 | D:3      | Reached skill level 5 in Conjurations
  4289 | D:3      | Reached skill level 5 in Spellcasting
  4340 | D:3      | Noticed Natasha
  4346 | D:3      | Killed Natasha
  4355 | D:3      | Noticed Natasha
  4378 | D:3      | Killed Natasha
  4378 | D:3      | Reached XP level 6. HP: 41/41 MP: 0/13
  5194 | D:4      | Found a burning altar of Makhleb.
  5429 | D:4      | Noticed Nuz's ghost (amateur MfSk)
  5453 | D:4      | Killed Nuz's ghost
  5453 | D:4      | Reached XP level 7. HP: 43/46 MP: 1/16
  6661 | D:5      | Entered Level 5 of the Dungeon
  6799 | D:5      | Got a bloodstained flail
  7036 | D:5      | Learned a level 2 spell: Passwall
  7099 | D:5      | Found a stormy altar of Qazlal.
  7526 | D:6      | Reached XP level 8. HP: 52/52 MP: 18/18
  7843 | D:6      | Found a staircase to the Ecumenical Temple.
  7852 | Temple   | Entered the Ecumenical Temple
  7976 | Temple   | Became a worshipper of Dithmenos the Shadowed
  8042 | D:6      | Noticed Prince Ribbit
  8049 | D:6      | Killed Prince Ribbit
  8617 | D:6      | Found Arifasaxt's Antique Armour Shop.
  8719 | D:6      | Bought a runed robe for 92 gold pieces
  8742 | D:6      | Bought a cloak for 112 gold pieces
  8929 | D:6      | Found a white marble altar of Elyvilon.
  9206 | D:7      | Found a sparkling altar of Nemelex Xobeh.
  9410 | D:7      | Reached XP level 9. HP: 38/57 MP: 8/21
  9707 | D:7      | Noticed xccam's ghost (novice FoFi)
 10556 | D:8      | Noticed a two-headed ogre
 10598 | D:8      | Killed a two-headed ogre
 11098 | D:7      | Reached * piety under Dithmenos
 11238 | D:7      | Reached skill level 10 in Spellcasting
 11238 | D:7      | Reached skill level 10 in Conjurations
 11895 | D:3      | Killed xccam's ghost
 11906 | D:3      | Found a faded altar of an unknown god.
 12192 | D:7      | You fall through a shaft!
 12484 | D:8      | Found an opulent altar of Gozag.
 12484 | D:8      | Found a deep blue altar of Sif Muna.
 12491 | D:8      | Found a hazy altar of Hepliaklqana.
 12614 | D:8      | Noticed a two-headed ogre
 12893 | D:8      | Learned a level 4 spell: Force Lance
 12897 | D:8      | Killed a two-headed ogre
 12897 | D:8      | Reached XP level 10. HP: 54/63 MP: 3/24
 13042 | D:8      | Noticed a manticore
 13047 | D:8      | Noticed a gargoyle
 13051 | D:8      | Slain by a manticore

Vault maps used:
D:1:      arrival_zaba_pyramid, minmay_misc_feat_diagonals
D:3:      serial_curves, eino_curves_01, eino_curves_01,
          chequers_ecumenical_altar_lobes, first_ration, uniq_natasha
D:4:      old_standard_altar, serial_curves, eino_curves_01, eino_curves_03,
          eino_curves_02, minmay_misc_feat_nine_boxes
D:5:      lemuel_round_altar, minmay_crystal_room
D:6:      kennysheep_mini, temple_fountains, serial_shops, shop,
          uniq_prince_ribbit1
D:7:      nemelex_xobeh_ov_fountains_minmay, the_bakery, lightli_minifort
D:8:      minmay_cornered_nines, gammafunk_temple_overflow_forgotten, uniq_pikel
D:9:      nicolae_overflow_hidden_temple
Temple:   jpeg_temple_clearing

Skill      XL: |  1  2  3  4  5  6  7  8  9 |
---------------+----------------------------+-----
Spellcasting   | 3 4 5 6 7 8 10 | 10.7
Conjurations   | 4 5 6 7 8 10 | 10.7
Dodging        | |  1.5
Stealth        | |  1.5

Action                   |  1- 3 |  4- 6 |  7- 9 | 10-12 || total
-------------------------+-------+-------+-------+-------++-------
Melee: Unarmed           |     8 |       |       |       ||     8
       Dagger            |    18 |       |       |       ||    18
       Spear             |    39 |    45 |     4 |       ||    88
       Flail             |       |       |    96 |     2 ||    98
 Cast: Magic Dart        |   145 |     3 |    12 |       ||   160
       Searing Ray       |     4 |    40 |    26 |       ||    70
       Iskenderun's Myst |       |       |   147 |     7 ||   154
       Force Lance       |       |       |     1 |       ||     1
Evoke: Wand              |       |       |     1 |       ||     1
  Use: Scroll            |       |       |     9 |       ||     9
 Stab: Sleeping          |       |     1 |     1 |       ||     2
Armor: Robe              |    30 |       |    35 |     1 ||    66
       Leather armour    |     6 |    28 |    27 |       ||    61
Dodge: Dodged            |    78 |    40 |   173 |     5 ||   296

Table legend:
 A = Spawn XP
 B = Non-spawn XP
 C = Spawn XP percentage of total XP
 D = Spawn monster count
 E = Non-spawn monster count
 F = Spawn count percentage of total count
 G = Total turns spent on level
                    A         B        C        D         E        F      G
               +---------+---------+-------+---------+---------+-------+---------
         Total |       0 |    6548 |   0.0 |       0 |     184 |   0.0 | 13051
               +---------+---------+-------+---------+---------+-------+---------
           D:1 |       0 |      40 |   0.0 |       0 |      25 |   0.0 |  1833
           D:2 |       0 |     144 |   0.0 |       0 |       9 |   0.0 |  1789
           D:3 |       0 |     605 |   0.0 |       0 |      38 |   0.0 |  2686
           D:4 |       0 |     497 |   0.0 |       0 |      14 |   0.0 |   888
           D:5 |       0 |     416 |   0.0 |       0 |      22 |   0.0 |   881
           D:6 |       0 |    1095 |   0.0 |       0 |      23 |   0.0 |  2208
           D:7 |       0 |    1206 |   0.0 |       0 |      28 |   0.0 |  1315
           D:8 |       0 |    2390 |   0.0 |       0 |      23 |   0.0 |  1292
           D:9 |       0 |     155 |   0.0 |       0 |       2 |   0.0 |     7
               +---------+---------+-------+---------+---------+-------+---------
